 Dungeon Crawl Stone Soup version 0.31-a0-1352-gc98d92de7d (webtiles) character file.

Game seed: 4765961163890912507

8888 shadizar the Fighter (level 11, -5/87 HPs)
             Began as a Djinni Fire Elementalist on Dec 22, 2023.
             Was an Initiate of Ashenzari.
             Slain by an unseen horror (6 damage)
             ... on level 11 of the Dungeon.
             The game lasted 00:53:22 (14574 turns).

shadizar the Fighter (Djinni Fire Elementalist)    Turns: 14574, Time: 00:53:25

Health: -5/87      AC: 10    Str:  7    XL:     11   Next: 64%
Gold:   516        EV: 12    Int: 21    God:    Ashenzari [......] SH:  0 Dex: 14

rFire   + + +        p - +1 falchion (freeze)
rCold   x . .        (no shield)
rNeg    . . .        h - +2 ring mail {Will+}
rPois   ∞            (no helmet)
rElec   .            k - +0 cloak {Stlth+}
rCorr   .            C - +1 pair of gloves
SInv    .            (boots unavailable)
Will    +++..        (no amulet)
Stlth   ++           l - ring of protection from fire
HPRegen 0.34/turn    q - ring of willpower
MPRegen 0.00/turn

%: infuse magic (-6 HP)
@: flying
A: sickness immunity, fire resistance 2, cold vulnerability 1, float, innate
caster, HP casting, extra vitality 1
a: Renounce Religion, Curse Item


You were on level 11 of the Dungeon.
You worshipped Ashenzari.
Ashenzari was noncommittal.
You visited 2 branches of the dungeon, and saw 12 of its levels.

You collected 516 gold pieces.

Inventory:

Hand Weapons
 p - a +1 falchion of freezing (weapon)
 s - a +2 vampiric spear
 B - a +5 mace of freezing
 F - a +1 whip of freezing
 G - a +0 short sword of speed
Missiles
 e - 70 stones
 i - 10 boomerangs
Armour
 d - an orb of guile
 h - a +2 ring mail of willpower (worn)
 k - a +0 cloak of stealth (worn)
 o - a +1 robe of willpower
 y - the +7 chain mail "But Ili" {rC+ Str+3}
   (You found it on level 9 of the Dungeon)

   Str+3:     It affects your strength (+3).
   rC+:       It protects you from cold.
 C - a +1 pair of gloves (worn)
Jewellery
 l - a ring of protection from fire (left hand)
 q - a ring of willpower (right hand)
 A - a +4 ring of slaying
Talismans
 u - a maw talisman
 v - a beast talisman
Wands
 f - a wand of charming (10)
 j - a wand of flame (10)
 E - a wand of light (34)
 H - a wand of mindburst (2)
 I - a wand of roots (2)
Scrolls
 a - a scroll of poison
 b - a scroll of torment
 g - 2 scrolls of vulnerability
 w - 2 scrolls of identify
 x - a scroll of revelation
 K - 2 scrolls of enchant weapon
Potions
 c - a potion of invisibility
 m - a potion of brilliance
 n - a potion of haste
 r - 2 potions of might {unknown}
 t - 8 potions of curing
 z - 2 potions of enlightenment {unknown}
 D - a potion of ambrosia {unknown}
 J - a potion of resistance {unknown}


   Skills:
 + Level 11.1 Fighting
 - Level 8.2 Dodging
 - Level 1.5 Stealth
 * Level 9.5 Spellcasting
 * Level 9.5 Conjurations
 * Level 9.5 Hexes
   Level 0.0 Charms
 * Level 9.5 Summonings
 * Level 9.5 Necromancy
 * Level 9.5 Translocations
   Level 0.0 Transmutations
 * Level 9.5 Fire Magic
 * Level 9.5 Ice Magic
 * Level 9.5 Air Magic
 * Level 9.5 Earth Magic
 * Level 9.5 Alchemy


You knew the following spells:

 Your Spells              Type           Power      Damage    Failure   Level
a - Foxfire               Conj/Fire      100%       2x1d9     1%          1
b - Scorch                Fire           100%       2d9       1%          2
c - Volatile Blastmotes   Fire/Tloc      100%       2d18      1%          3
d - Inner Flame           Hex/Fire       50%        N/A       1%          3
e - Flame Wave            Conj/Fire      50%        2d12      4%          4
f - Sting                 Conj/Alch      100%       1d9       1%          1
g - Lesser Beckoning      Tloc           100%       N/A       1%          2
h - Jinxbite              Hex            100%       N/A       1%          2
i - Dazzling Flash        Conj/Hex       100%       N/A       1%          3
j - Animate Dead          Necr           50%        N/A       4%          4
Your spell library was empty.

Dungeon Overview and Level Annotations

Branches:
Dungeon (11/15)            Temple (1/1) D:6             Orc (0/2) D:11
   Lair: D:8-11

Altars:
Ashenzari
Cheibriados
Dithmenos
Elyvilon
Fedhas
Gozag
Hepliaklqana
Makhleb
Nemelex Xobeh
Okawaru
Qazlal
Ru
Trog
Uskayaw
Wu Jian
Xom
Yredelemnul
Zin
The Shining One

Shops:
D:7 :


Innate Abilities, Weirdness & Mutations

You are immune to sickness and miasma.
You are immune to poison.
Your flesh is very heat resistant. (rF++)
You are vulnerable to cold. (rC-)
You float through the air rather than walking.
You learn spells naturally, not from books.
Your magical power is your life essence.
You have superior vitality. (+4 MHP)


Message History

Flames lash something.
Something hits you.
* * * LOW HITPOINT WARNING * * *
Something hits your orc zombie!
Your orc priest zombie hits the troll but does no damage.
Casting: Scorch (safe; 1% risk of failure)
Confirm with . or Enter, or press ? or * to list all spells.
Flames lash something.
* * * LOW HITPOINT WARNING * * *
Something hits you.
* * * LOW HITPOINT WARNING * * *
Something hits your orc zombie.
Your orc zombie is destroyed!
The troll bites you!
* * * LOW HITPOINT WARNING * * *
The troll completely misses you. The troll claws you.
* * * LOW HITPOINT WARNING * * *
Your orc zombie hits something.
Unknown command.
Unknown command.
Unknown command.
Unknown command.
Unknown command.
Unknown command.
Unknown command.
Unknown command.
Unknown command.
Unknown command.
Unknown command.
Unknown command.
Unknown command.
Unknown command.
Unknown command.
Something hits your orc zombie! Something hits you but does no damage.
The troll attacks as it pursues you! The troll bites you.
* * * LOW HITPOINT WARNING * * *
The troll misses you. The troll claws you!
* * * LOW HITPOINT WARNING * * *
Your orc priest zombie barely misses something.
Something hits you.
You die...

..........#.....
########..#..#######
##.....#.......
##...............
#................#
#................#
#......Z.........#
#....T{Z......<
#....@Z........
##.............
##...........[
#............
#..........##
#.........##
#.........#
#.........#
#.........#


You could see a troll, a friendly orc zombie and 2 friendly orc priest zombies.

Vanquished Creatures
  2 two-headed ogres
  Maurice (D:8)
  A hornet (D:8)
  Prince Ribbit (D:8)
  A shadow (D:11)
  11 yaks
  A wraith (D:11)
  A steam dragon (D:9)
  2 sky beasts (D:7)
  2 ice beasts
  9 orc warriors
  2 black bears
  3 ogres (D:5)
  5 centaurs
  A phantom (D:5)
  5 bullfrogs
  4 kobold brigands
  A gnoll sergeant (D:9)
  3 scorpions
  4 wights
  11 killer bees
  5 howler monkeys
  3 jellies
  6 orc priests
  Crazy Yiuf (D:5)
  A gnoll bouda (D:6)
  6 iguanas
  2 sleepcaps
  9 orc wizards
  10 gnolls
  9 adders
  A shadow imp (D:7)
  3 white imps
  A worm (D:2)
  4 dart slugs
  47 orcs
  6 ball pythons
  4 endoplasms
  5 giant cockroaches
  8 hobgoblins
  12 jackals
  4 quokkas
  4 bats
  3 frilled lizards
  5 goblins
  38 kobolds
  11 rats
279 creatures vanquished.

Vanquished Creatures (collateral kills)
  A foxfire (D:10)
1 creature vanquished.

Vanquished Creatures (others)
  2 orc zombies (D:11)
  154 foxfires
156 creatures vanquished.

Grand Total: 436 creatures vanquished

Notes
Turn   | Place    | Note
-------+----------+-------------------------------------------
     0 | D:1      | shadizar the Djinni Fire Elementalist began the quest for
                  | the Orb.
     0 | D:1      | shadizar set off with the following spells memorised:
                  | Foxfire, Scorch, Volatile Blastmotes, Inner Flame, Flame
                  | Wave.
     0 | D:1      | Reached XP level 1. HP: 15/15 MP: 0/0
   154 | D:1      | Reached XP level 2. HP: 20/22 MP: 0/0
   338 | D:1      | Reached skill level 1 in Fighting
   354 | D:1      | Reached XP level 3. HP: 23/27 MP: 0/0
   354 | D:1      | Learned a level 1 spell: Sting
  1077 | D:2      | Reached XP level 4. HP: 29/33 MP: 0/0
  1574 | D:2      | Reached skill level 2 in Fighting
  1775 | D:3      | Reached XP level 5. HP: 6/38 MP: 0/0
  1775 | D:3      | Learned a level 2 spell: Lesser Beckoning
  2104 | D:3      | Reached XP level 6. HP: 29/45 MP: 0/0
  2214 | D:3      | Reached skill level 3 in Fighting
  2593 | D:3      | Found a faded altar of an unknown god.
  3254 | D:4      | Reached XP level 7. HP: 38/50 MP: 0/0
  3254 | D:4      | Learned a level 2 spell: Jinxbite
  3592 | D:5      | Entered Level 5 of the Dungeon
  3596 | D:5      | Found a shadowy altar of Dithmenos.
  3902 | D:5      | Found a runed translucent door.
  3903 | D:5      | Noticed Crazy Yiuf
  3940 | D:5      | Reached skill level 4 in Fighting
  3940 | D:5      | Reached skill level 5 in Dodging
  4167 | D:5      | Reached XP level 8. HP: 44/58 MP: 0/0
  4310 | D:5      | Reached skill level 5 in Spellcasting
  4310 | D:5      | Reached skill level 5 in Conjurations
  4310 | D:5      | Reached skill level 5 in Hexes
  4310 | D:5      | Reached skill level 5 in Summonings
  4310 | D:5      | Reached skill level 5 in Necromancy
  4310 | D:5      | Reached skill level 5 in Translocations
  4310 | D:5      | Reached skill level 5 in Fire Magic
  4310 | D:5      | Reached skill level 5 in Ice Magic
  4310 | D:5      | Reached skill level 5 in Air Magic
  4310 | D:5      | Reached skill level 5 in Earth Magic
  4310 | D:5      | Reached skill level 5 in Alchemy
  4666 | D:5      | Killed Crazy Yiuf
  4667 | D:5      | Reached skill level 5 in Fighting
  4796 | D:6      | Found a staircase to the Ecumenical Temple.
  5546 | D:6      | Reached XP level 9. HP: 60/66 MP: 0/0
  5546 | D:6      | Learned a level 3 spell: Dazzling Flash
  5813 | D:6      | Reached skill level 6 in Fighting
  6206 | D:7      | Found Ewih's Book Emporium.
  6227 | D:7      | HP: 2/66 [orc warrior/+0 glaive (10)]
  7013 | D:7      | Found a stormy altar of Qazlal.
  7243 | D:7      | Found a burning altar of Makhleb.
  7653 | D:7      | Reached skill level 7 in Fighting
  8145 | D:8      | Reached XP level 10. HP: 52/75 MP: 0/0
  8481 | D:8      | Reached skill level 8 in Fighting
  8638 | D:8      | Noticed Maurice
  8871 | D:8      | Noticed Prince Ribbit
  9081 | D:8      | Killed Prince Ribbit
  9147 | D:8      | HP: 1/77 [orc warrior/+0 flail (3)]
  9432 | D:8      | Reached skill level 9 in Fighting
  9521 | D:8      | Maurice stole a +2 vampiric spear
  9817 | D:8      | Maurice stole an orb of guile
  9818 | D:8      | Killed Maurice
 10066 | D:8      | Found an iron altar of Okawaru.
 10068 | D:8      | Found a blossoming altar of Fedhas.
 10419 | Temple   | Entered the Ecumenical Temple
 10444 | Temple   | Became a worshipper of Ashenzari the Shackled
 10758 | D:8      | Reached XP level 11. HP: 33/85 MP: 0/0
 10758 | D:8      | Learned a level 4 spell: Animate Dead
 11104 | D:9      | Reached skill level 10 in Fighting
 11223 | D:9      | Identified the +7 chain mail "But Ili" {rC+ Str+3}
 12240 | D:9      | Noticed a two-headed ogre
 12322 | D:9      | Killed a two-headed ogre
 12724 | D:10     | Entered Level 10 of the Dungeon
 12738 | D:10     | Noticed a two-headed ogre
 13135 | D:10     | Killed a two-headed ogre
 13845 | D:11     | Reached skill level 11 in Fighting
 14460 | D:11     | Found a staircase to the Orcish Mines.
 14574 | D:11     | HP: 1/87 [troll (9)]
 14574 | D:11     | Slain by an unseen horror

Illustrated notes

Levels and vault maps discovered:
D:1:      lemuel_arrival_broad_hall, layout_rooms
D:2:      minmay_spotlight, layout_loops_ring
D:3:      minmay_recursive_quarters, layout_basic,
          shapermc_ecumenical_altar_rom_forum
D:4:      layout_loops_ring, minmay_misc_feat_square
D:5:      layout_rooms, nicolae_dithmenos_the_darkroom, hangedman_decor_growths,
          uniq_crazy_yiuf_cottage
D:6:      kennysheep_kobold_camp, layout_basic,
          minmay_temple_entry_statues_pillars
D:7:      kb_forest_paths, layout_basic, mainiacjoe_overflow_surrounded_room,
          marbit_many_paths, serial_shops, nicolae_shop_hallway_stairs
D:8:      layout_basic, mainiacjoe_overflow_catwalk_spiral,
          minmay_quadrilaterals, uniq_maurice, uniq_prince_ribbit1
D:9:      layout_layer_cave
D:10:     layout_roguey
D:11:     layout_rooms, david_lair_shrubbed, david_orc_3,
          kiku_gazebo_garden_becter
Temple:   nicolae_temple_bog_church

Skill      XL: |  1  2  3  4  5  6  7  8  9 10 11 |
---------------+----------------------------------+-----
Fighting       | 1 2 3 4 5 7 9 11 | 11.1
Dodging        | 3 4 5 6 8 |  8.2
Spellcasting   | 4 5 6 8 9 |  9.5
Conjurations   | 4 5 6 8 9 |  9.5
Hexes          | 4 5 6 8 9 |  9.5
Summonings     | 4 5 6 8 9 |  9.5
Necromancy     | 4 5 6 8 9 |  9.5
Translocations | 4 5 6 8 9 |  9.5
Fire Magic     | 4 5 6 8 9 |  9.5
Ice Magic      | 4 5 6 8 9 |  9.5
Air Magic      | 4 5 6 8 9 |  9.5
Earth Magic    | 4 5 6 8 9 |  9.5
Alchemy        | 4 5 6 8 9 |  9.5
Stealth        | |  1.5

Action                     |  1- 3 |  4- 6 |  7- 9 | 10-12 || total
---------------------------+-------+-------+-------+-------++-------
  Melee: Unarmed           |    11 |       |       |       ||    11
         Punch             |     1 |       |       |       ||     1
         Short sword       |    32 |     8 |       |       ||    40
         Falchion          |       |    10 |     6 |     3 ||    19
   Cast: Foxfire           |    47 |     7 |     6 |    39 ||    99
         Scorch            |       |    73 |   183 |   245 ||   501
         Volatile Blastmot |       |       |     9 |    18 ||    27
         Animate Dead      |       |       |       |     2 ||     2
    Use: Scroll            |       |     6 |    11 |     3 ||    20
         Potion            |       |       |       |     3 ||     3
   Stab: Sleeping          |     1 |     1 |       |       ||     2
 Armour: Robe              |    43 |    29 |    28 |       ||   100
         Ring mail         |       |       |    39 |   176 ||   215
  Dodge: Dodged            |    53 |    44 |    72 |   116 ||   285

Table legend: (Time is in decaauts)
 A = Elapsed time spent in this place.
 B = Non-inter-level travel time spent in this place.
 C = Inter-level travel time spent in this place.
 D = Time resting spent in this place.
 E = Time spent auto-exploring this place.
 F = Levels seen in this place.
 G = Mean time per level.
                   A        B        C        D        E       F      G
               +--------+--------+--------+--------+--------+-----+--------+
         Total |  14580 |  14219 |    361 |      0 |   9722 |  12 | 1215.0 |
       Dungeon |  14533 |  14202 |    331 |      0 |   9722 |  11 | 1321.2 |
        Temple |     46 |     17 |     29 |      0 |      0 |   1 |   46.0 |
               +--------+--------+--------+--------+--------+-----+--------+

Top non-repeatable levels by time:
     D:7: 2267 daAuts
     D:8: 2165 daAuts
     D:9: 1878 daAuts
     D:6: 1731 daAuts
    D:10: 1280 daAuts
     D:3: 1060 daAuts
     D:5: 1032 daAuts
     D:2: 1003 daAuts
     D:4: 967 daAuts
     D:1: 712 daAuts
    D:11: 435 daAuts
  Temple: 46 daAuts
